 Dungeon Crawl Stone Soup version 0.28.0-53-g5a82cb258f (webtiles) character file.

Game seed: 12119001575759326210

67 unlimited1921 the Magician (level 4, -4/31 HPs)
             Began as a Djinni Fire Elementalist on July 3, 2022.
             Killed by divine providence
             ... invoked by an orc priest
              (11 damage)
             ... on level 3 of the Dungeon.
             The game lasted 00:07:47 (3818 turns).

unlimited1921 the Magician (DjFE)                   Turns: 3818, Time: 00:07:47

Health: -4/31      AC:  2    Str: 13    XL:     4   Next: 40%
Gold:   67         EV: 12    Int: 19    God:
                   SH:  0    Dex: 13

rFire   + + .      SeeInvis .   c - +0 dagger
rCold   x . .      Faith    .   (no shield)
rNeg    . . .      Spirit   .   a - +0 robe
rPois   ∞          Reflect  .   (no helmet)
rElec   .          Harm     .   (no cloak)
rCorr   .          Rampage  .   (no gloves)
Will    .....                   (boots unavailable)
Stlth   ++........              (no amulet)
HPRegen 0.10/turn               j - +6 ring of strength
MPRegen 0.00/turn               (no ring)

@: flying
A: sickness immunity, fire resistance 2, cold vulnerability 1, float, innate
caster, HP casting, extra vitality 1
a: no special abilities


You were on level 3 of the Dungeon.
You visited 1 branch of the dungeon, and saw 3 of its levels.

You collected 67 gold pieces.

Inventory:

Hand Weapons
 c - a +0 dagger (weapon)
 d - a +0 mace
 h - a +0 short sword
Missiles
 i - 14 stones
Armour
 a - a +0 robe (worn)
 k - a +0 ring mail
Jewellery
 j - a +6 ring of strength (left hand)
Scrolls
 f - 4 scrolls of teleportation {unknown}
 g - 3 scrolls of identify {unknown}
 l - a scroll of summoning {unknown}
 o - a scroll of vulnerability {unknown}
Potions
 b - a potion of might {unknown}
 e - a potion of heal wounds {unknown}
 m - a potion of haste {unknown}
 n - a potion of lignification {unknown}


   Skills:
 + Level 2.5 Dodging
 + Level 2.0 Stealth
 + Level 3.5 Spellcasting


You couldn't memorise any spells.
You knew the following spells:

 Your Spells              Type           Power      Damage    Failure   Level
a - Foxfire               Conj/Fire      64%        2x1d7     3%          1
b - Scorch                Fire           32%        2d7       4%          2
c - Conjure Flame         Conj/Fire      16%        6-21      10%         3
d - Inner Flame           Hex/Fire       16%        N/A       10%         3
e - Flame Wave            Conj/Fire      16%        2d6       32%         4
f - Animate Skeleton      Necr           32%        N/A       3%          1
Your spell library was empty.

Dungeon Overview and Level Annotations

Branches:
Dungeon (3/15)

Altars:
The Shining One

Shops:
D:1 [   D:2 (

Annotations:
D:3 Robin


Innate Abilities, Weirdness & Mutations

You are immune to sickness and miasma.
You are immune to poison.
Your flesh is very heat resistant. (rF++)
You are vulnerable to cold. (rC-)
You float through the air rather than walking.
You learn spells naturally, not from books.
Your magical power is your life essence.
You have superior vitality. (+4 MHP)


Message History

You kill the goblin!
Robin roars a battlecry!
The goblins go into a battle-frenzy!
Casting: Foxfire (safe; 3% risk of failure)
Confirm with . or Enter, or press ? or * to list all spells.
The spell is quite dangerous to miscast (10% risk of failure)!
Continue anyway?
Aiming: Inner Flame (quite dangerous; 10% risk of failure)
Press: ? - help, Dir - move target, f - goblin
Aim: a goblin, wielding a +0 club (strong, chance to affect: 84%)
The goblin is filled with an inner flame.
A hobgoblin comes into view.
Robin throws the goblin at you!
Casting: Inner Flame (quite dangerous; 10% risk of failure)
Confirm with . or Enter, or press ? or * to list all spells.
Flames lash the goblin.
The goblin explodes!
The fiery explosion engulfs you. You resist.
You are engulfed in blazing flames.
You resist.
* * * LOW HITPOINT WARNING * * *
You hear a shout!
Robin roars a battlecry!
The goblin unwields a +0 dagger.
The goblin wields a +0 hunting sling.
The goblin shoots a stone.
The stone barely misses you.
Your foxfire dissipates!
An orc comes into view. It is wielding a +0 dagger.
An orc comes into view. It is wielding a +0 mace.
The orc shouts!
You hear a shout!
An orc priest comes into view. It is wielding a +0 hand axe.
The orc hits you with a +0 dagger.
* * * LOW HITPOINT WARNING * * *
An orc priest comes into view. It is wielding a +0 club.
The orc priest shouts!
The goblin shoots a stone.
The stone closely misses you.
The goblin shoots a stone.
The stone barely misses you.
The orc priest miscasts a cantrip.
The orc shouts!
The orc priest looks encouraged for a moment.
The orc priest calls down the wrath of Beogh upon you.
Beogh smites you!
You die...

#.. #. #.# #. #.## #.
##..## ######.####
#....#
..≈≈≈≈≈≈≈≈#######....###
≈≈≈≈≈≈≈≈≈≈≈≈o≈#..8..8...
≈≈≈≈≈≈≈≈≈≈≈≈≈o≈≈≈8..8#..
≈≈≈≈≈≈≈@≈≈≈≈≈≈≈≈≈≈..≈#..
≈≈≈≈...#≈≈≈≈≈≈≈≈≈≈..≈≈≈≈
≈.###.######≈≈o≈≈≈..≈≈≈≈
#. ####≈≈o..≈≈≈≈ .
#..g..≈≈≈≈ ## ###8..8#≈≈
#8g.8### #....###
#.g.....


You could see 2 orc priests and an orc.

Vanquished Creatures
  2 adders (D:2)
  A worm (D:2)
  3 ball pythons
  4 endoplasms
  A giant cockroach (D:1)
  4 hobgoblins
  3 jackals (D:1)
  2 kobolds
  3 quokkas
  4 bats
  3 frilled lizards
  8 goblins
  5 rats
43 creatures vanquished.

Vanquished Creatures (others)
  93 foxfires
93 creatures vanquished.

Grand Total: 136 creatures vanquished

Notes
Turn   | Place    | Note
-------+----------+-------------------------------------------
     0 | D:1      | unlimited1921 the Djinni Fire Elementalist began the quest
                  | for the Orb.
     0 | D:1      | Reached XP level 1. HP: 15/15 MP: 0/0
   287 | D:1      | Reached XP level 2. HP: 7/21 MP: 0/0
  1138 | D:1      | Found Innockes's Armour Shoppe.
  1432 | D:1      | Found a faded altar of an unknown god.
  1647 | D:1      | Reached skill level 3 in Spellcasting
  2074 | D:1      | Reached XP level 3. HP: 24/25 MP: 0/0
  2074 | D:1      | Learned a level 1 spell: Animate Skeleton
  2239 | D:2      | Found Lizxas's Weapon Boutique.
  3147 | D:2      | Found a glowing golden altar of the Shining One.
  3173 | D:2      | Reached XP level 4. HP: 26/31 MP: 0/0
  3775 | D:3      | Found a glowing golden altar of the Shining One.
  3781 | D:3      | Noticed Robin
  3818 | D:3      | Killed from afar by an orc priest

Illustrated notes

Levels and vault maps discovered:
D:1:      eino_arrival_cavern_e, layout_rooms,
          hellmonk_ecumenical_altar_arch_garden, serial_shops,
          nicolae_shop_trees
D:2:      layout_loops_cross, basic_altar, serial_shops, shop_fountains
D:3:      wander_river, layout_loops_corners, grunt_temple_overflow_open,
          uniq_robin

Skill      XL: |  1  2  3 |
---------------+----------+-----
Spellcasting   | 3 |  3.5
Stealth        | 2 |  2.0
Dodging        | |  2.5

Action                   |  1- 3 |  4- 6 || total
-------------------------+-------+-------++-------
Melee: Dagger            |     1 |       ||     1
 Cast: Foxfire           |    55 |     8 ||    63
       Scorch            |    10 |     3 ||    13
       Inner Flame       |       |     4 ||     4
Armor: Robe              |     6 |       ||     6
Dodge: Dodged            |    13 |     5 ||    18
